 Dungeon Crawl Stone Soup version 0.29.1-1-gd02db6906a (webtiles) character file.

Game seed: 16087589841872997644

73 keekatzer the Trooper (level 4, -6/42 HPs)
             Began as a Naga Warper on Sept 24, 2022.
             Mangled by Crazy Yiuf
             ... wielding a +4 quarterstaff of chaos
              (14 damage)
             ... on level 3 of the Dungeon.
             The game lasted 00:10:51 (1794 turns).

keekatzer the Trooper (Naga Warper)                 Turns: 1794, Time: 00:10:52

Health: -6/42      AC:  3    Str: 13    XL:     4   Next: 27%
Magic:  1/7        EV: 14    Int: 14    God:
Gold:   41         SH:  0    Dex: 12    Spells: 2/7 levels left

rFire   . . .      SeeInvis +   a - +0 spear
rCold   . . .      Faith    .   (no shield)
rNeg    . . .      Spirit   .   b - +0 leather armour
rPois   +          Reflect  .   (no helmet)
rElec   .          Harm     .   (no cloak)
rCorr   .          Rampage  .   (no gloves)
Will    .....                   (no barding)
Stlth   +.........              o - amulet of regeneration
HPRegen 0.94/turn               t - ring of wizardry
MPRegen 0.10/turn               (no ring)

@: agile, short of breath, very slow
A: AC +1, large, see invisible, deformed body, poison resistance, slowness 2,
spit poison 1, naga tail 1
a: Spit Poison


You were on level 3 of the Dungeon.
You visited 1 branch of the dungeon, and saw 3 of its levels.

You collected 41 gold pieces.

Inventory:

Hand Weapons
 a - a +0 spear (weapon)
 u - a +2 short sword of draining
Missiles
 d - 7 boomerangs of dispersal (quivered)
 g - a throwing net
 m - 6 boomerangs
Armour
 b - a +0 leather armour (worn)
 s - a +0 ring mail
Jewellery
 k - an amulet of the acrobat
 o - an amulet of regeneration (around neck)
 t - a ring of wizardry (left hand)
Scrolls
 c - a scroll of blinking
 e - 2 scrolls of teleportation {unknown}
 h - a scroll of vulnerability {unknown}
 i - a scroll of fog {unknown}
 j - 4 scrolls of identify {unknown}
 l - a scroll of immolation {unknown}
 p - a scroll of enchant armour {unknown}
 q - a scroll of torment {unknown}
 r - a scroll of noise {unknown}
Potions
 f - a potion of heal wounds {unknown}
 n - a potion of mutation {unknown}


   Skills:
 * Level 3.3 Fighting
 - Level 2.0 Polearms
 - Level 0.8 Throwing
 + Level 1.5 Armour
 + Level 2.1 Dodging
 + Level 2.1 Spellcasting
 + Level 3.1 Translocations


You had 2 spell levels left.
You knew the following spells:

 Your Spells              Type           Power      Damage    Failure   Level
a - Blink                 Tloc           20%        N/A       5%          2
b - Gell's Gravitas       Tloc           10%        N/A       11%         3

Your spell library contained the following spells:

 Spells                   Type           Power      Damage    Failure   Level
 Lesser Beckoning         Tloc           10%        N/A       11%         3
 Teleport Other           Tloc           10%        N/A       11%         3
 Conjure Flame            Conj/Fire      1%         6-21      32%         3
 Ignite Poison            Fire/Tmut/Pois 1%         N/A       32%         3
 Manifold Assault         Tloc           10%        N/A       65%         5
 Sticky Flame             Conj/Fire      1%         2d3       71%         4
 Borgnjor's Revivificati  Necr           0%         N/A       100%        8
 Necromutation            Tmut/Necr      0%         N/A       100%        8
 Death's Door             Necr           0%         N/A       100%        9


Dungeon Overview and Level Annotations

Branches:
Dungeon (3/15)

Altars:

Annotations:
D:3 Crazy Yiuf


Innate Abilities, Weirdness & Mutations

Your serpentine skin is tough. (AC +1)
You have supernaturally acute eyesight. (SInv)
Armour fits poorly on your strangely shaped body.
Your system is resistant to poisons. (rPois)
You cover ground very slowly.
You can spit poison.
You have a snake-like lower body.


Message History

Okay, then.
Aiming: Spit Poison (1% risk of failure)
Press: ? - help, Shift-Dir - straight line, f - Crazy Yiuf
Aim: Crazy Yiuf, wielding a +4 quarterstaff of chaos and wearing a +0 cloak (65% to hit)
The splash of poison misses Crazy Yiuf.
Crazy Yiuf hits you with a +4 quarterstaff of chaos.
Unknown command.
Okay, then.
Casting: Gell's Gravitas (dangerous; 11% risk of failure)
Confirm with . or Enter, or press ? or * to list all spells.
Aiming: Gell's Gravitas (dangerous; 11% risk of failure)
Press: ? - help, Dir - move target, p - Crazy Yiuf Gravity reorients around empty space.
Crazy Yiuf grits, "Goober!
Trifle Hive hog."
You closely miss Crazy Yiuf. Crazy Yiuf closely misses you.
You barely miss Crazy Yiuf.
You have got your breath back.
Crazy Yiuf closely misses you.
Aiming: Spit Poison (1% risk of failure)
Press: ? - help, Shift-Dir - straight line The splash of poison hits Crazy Yiuf!
Crazy Yiuf is heavily wounded.
Crazy Yiuf hits you with a +4 quarterstaff of chaos!
Crazy Yiuf freezes you.
Casting: Gell's Gravitas (dangerous; 11% risk of failure)
Confirm with . or Enter, or press ? or * to list all spells.
Okay, then.
Unknown command.
You closely miss Crazy Yiuf.
Crazy Yiuf is heavily wounded.
Crazy Yiuf hits you with a +4 quarterstaff of chaos.
You hit Crazy Yiuf.
Crazy Yiuf is severely wounded.
Crazy Yiuf hits you with a +4 quarterstaff of chaos!
* * * LOW HITPOINT WARNING * * *
You feel agile all of a sudden.
You barely miss Crazy Yiuf.
Crazy Yiuf is severely wounded.
Crazy Yiuf hits you with a +4 quarterstaff of chaos!
You die...

####.###....#
# ##..##
#.P.P# #...##
##.## #.##
##.# #.##
##@# #g# ...
#...# #..)#
#####


You could see Crazy Yiuf.

Vanquished Creatures
  2 adders (D:2)
  A worm (D:2)
  2 endoplasms
  6 giant cockroaches
  6 hobgoblins
  4 jackals (D:1)
  6 kobolds
  A quokka (D:2)
  6 ball pythons
  6 bats
  2 frilled lizards (D:1)
  3 goblins (D:2)
  4 rats
49 creatures vanquished.

Notes
Turn   | Place    | Note
-------+----------+-------------------------------------------
     0 | D:1      | keekatzer the Naga Warper began the quest for the Orb.
     0 | D:1      | Reached XP level 1. HP: 19/19 MP: 3/3
   352 | D:1      | Reached skill level 1 in Armour
   371 | D:1      | Reached XP level 2. HP: 24/27 MP: 5/5
   377 | D:1      | Learned a level 2 spell: Blink
   934 | D:1      | Found a faded altar of an unknown god.
  1099 | D:2      | Reached XP level 3. HP: 33/33 MP: 6/6
  1125 | D:2      | Learned a level 3 spell: Gell's Gravitas
  1324 | D:2      | Reached XP level 4. HP: 38/42 MP: 7/7
  1781 | D:3      | Found a runed translucent door.
  1782 | D:3      | Noticed Crazy Yiuf
  1794 | D:3      | Mangled by Crazy Yiuf

Illustrated notes

Levels and vault maps discovered:
D:1:      evilmike_arrival_crescent, layout_basic,
          ebering_ecumenical_altar_sacrificial
D:2:      minmay_evil_eye, layout_rooms, chequers_serial_rivers_large_b,
          nicolae_figureground_sparkle
D:3:      layout_basic, minmay_distorted, uniq_crazy_yiuf_cottage, uniq_ijyb,
          uniq_jessica

Skill      XL: |  1  2  3 |
---------------+----------+-----
Armour         | 1 |  1.5
Fighting       | 3 |  3.3
Dodging        | 2 |  2.1
Polearms       | |  2.0
Throwing       | |  0.8
Spellcasting   | |  2.1
Translocations | |  3.1

Action                   |  1- 3 |  4- 6 || total
-------------------------+-------+-------++-------
Melee: Spear             |   151 |    51 ||   202
       Punch             |     1 |       ||     1
 Cast: Gell's Gravitas   |       |     2 ||     2
 Abil: Spit Poison       |     9 |     4 ||    13
Armor: Leather armour    |    35 |    20 ||    55
Dodge: Dodged            |    59 |    28 ||    87
